 Dungeon Crawl Stone Soup version 0.23.2-1-ga50397a (webtiles) character file.

Game seed: 16372441759243321331

157 Fang the Skirmisher (level 5, -2/34 HPs)
             Began as a Gargoyle Berserker on May 8, 2019.
             Was a Believer of Trog.
             Slain by a bullfrog (4 damage)
             ... on level 3 of the Dungeon.
             The game lasted 00:01:19 (1892 turns).

Fang the Skirmisher (Gargoyle Berserker)            Turns: 1892, Time: 00:01:20

Health: -2/34      AC:  6    Str: 21    XL:     5   Next: 38%
Magic:  5/5        EV: 12    Int:  8    God:    Trog [**....]
Gold:   23         SH:  0    Dex:  9    Spells: 4/4 levels left

rFire    . . .     SeeInvis .   a - +0 hand axe
rCold    . . .     Gourm    .   (no shield)
rNeg     + . .     Faith    .   b - +0 animal skin
rPois    ∞         Spirit   .   (no helmet)
rElec    +         Reflect  .   (no cloak)
rCorr    .         Harm     .   (no gloves)
MR       .....                  (no boots)
Stlth    +.........             (no amulet)
HPRegen  0.11/turn              (no ring)
MPRegen  0.09/turn              (no ring)

@: no status effects
A: negative energy resistance 1, electricity resistance, unbreathing,
petrification resistance, rot immunity, AC +4
a: Berserk, Trog's Hand, Renounce Religion


You were on level 3 of the Dungeon.
You worshipped Trog.
Trog was pleased with you.
You were not hungry.

You visited 1 branch of the dungeon, and saw 3 of its levels.

You collected 23 gold pieces.

Inventory:

Hand Weapons
 a - a +0 hand axe (weapon)
Armour
 b - a +0 animal skin (worn)
Wands
 f - a wand of polymorph (1)
Scrolls
 e - a scroll of enchant weapon {unknown}
 g - 2 scrolls of remove curse {unknown}
 j - 2 scrolls of identify {unknown}
 k - a scroll of random uselessness {unknown}
 q - a scroll of fear {unknown}
Potions
 d - 2 potions of curing {unknown}
 h - a potion of haste {unknown}
 i - a potion of ambrosia {unknown}
 l - a potion of degeneration {unknown}
 m - a potion of might {unknown}
 n - 2 potions of agility {unknown}
 o - 2 potions of brilliance {unknown}
Comestibles
 c - 5 rations


   Skills:
 + Level 4.3 Fighting
 + Level 3.4 Axes
 + Level 3.5 Armour
 + Level 2.5 Dodging


You had 4 spell levels left.
You didn't know any spells.
Your spell library was empty.

Dungeon Overview and Level Annotations

Branches:
Dungeon (3/15)

Altars:
Sif Muna
Yredelemnul


Innate Abilities, Weirdness & Mutations

You are resistant to torment.
Your stone body is resilient. (AC +4)
You are immune to poison.
You resist negative energy. (rN+)
You are resistant to electric shocks. (rElec)
You can survive without breathing.
You are immune to petrification.
You are immune to rotting.


Message History

The bullfrog hits you but does no damage.
The bullfrog misses you.
You miss the bullfrog.
The bullfrog is moderately wounded.
The bullfrog completely misses you. The bullfrog misses you.
You hit the bullfrog.
The bullfrog is heavily wounded.
The bullfrog closely misses you. The bullfrog misses you.
You barely miss the bullfrog.
The bullfrog is heavily wounded.
The bullfrog hits you but does no damage.
You barely miss the bullfrog.
The bullfrog is heavily wounded.
The bullfrog hits you.
* * * LOW HITPOINT WARNING * * *
The bullfrog misses you.
You hit the bullfrog.
The bullfrog is heavily wounded.
The bullfrog hits you.
You die...

#......).....#
########..#.#.##
............#.#
#########..##.#
##.##. #.# #.##
#..# #
#######@#.#
......†F%.#
..........#
.$........#
..........#
..>......>.
.........###
.........#
........##


You could see a bullfrog.

Vanquished Creatures
  An orc wizard (D:3)
  Ijyb (D:3)
  4 adders (D:2)
  2 oozes (D:1)
  2 dart slugs (D:1)
  4 leopard geckos
  3 bats
  2 giant cockroaches
  5 goblins
  3 hobgoblins
  8 jackals
  3 kobolds
  4 ball pythons
  4 frilled lizards
  7 rats
53 creatures vanquished.

Notes
Turn   | Place    | Note
-------+----------+-------------------------------------------
     0 | D:1      | Fang the Gargoyle Berserker began the quest for the Orb.
     0 | D:1      | Reached XP level 1. HP: 14/14 MP: 1/1
    61 | D:1      | Reached XP level 2. HP: 19/19 MP: 2/2
   275 | D:1      | Reached XP level 3. HP: 22/23 MP: 3/3
   768 | D:2      | Reached ** piety under Trog
   768 | D:2      | Reached XP level 4. HP: 21/29 MP: 4/4
   865 | D:2      | Found a basalt altar of Yredelemnul.
   973 | D:2      | Reached skill level 4 in Fighting
  1311 | D:3      | Found a faded altar of an unknown god.
  1428 | D:3      | Reached XP level 5. HP: 16/33 MP: 5/5
  1604 | D:3      | Found a deep blue altar of Sif Muna.
  1656 | D:3      | Noticed Ijyb
  1682 | D:3      | Killed Ijyb
  1892 | D:3      | Slain by a bullfrog

Skill      XL: |  1  2  3  4 |
---------------+-------------+-----
Axes           | 3 |  3.4
Dodging        | 2 |  2.5
Armour         | 3 |  3.5
Fighting       | 4 |  4.3

Action                   |  1- 3 |  4- 6 || total
-------------------------+-------+-------++-------
Melee: Hand axe          |    86 |    96 ||   182
       Unarmed           |       |     2 ||     2
Invok: Berserk           |       |     2 ||     2
 Stab: Sleeping          |     2 |       ||     2
  Eat: Chunk             |       |     5 ||     5
Armor: Animal skin       |    50 |    35 ||    85
Dodge: Dodged            |    66 |    68 ||   134
